 Dungeon Crawl Stone Soup version 0.23-a0-650-ga4d50d4 (webtiles) character file.

44357 Azzok the Earth Mage (level 13, -5/109 HPs)
             Began as a Deep Dwarf Earth Elementalist on Jan 5, 2019.
             Was the Champion of Makhleb.
             Slain by a catoblepas (23 damage)
             ... on level 5 of the Lair of Beasts.
             The game lasted 00:37:39 (19258 turns).

Azzok the Earth Mage (DDEE)                        Turns: 19258, Time: 00:37:39

Health: -5/109     AC:  9    Str: 12    XL:     13   Next: 95%
Magic:  9/37       EV: 12    Int: 29    God:    Makhleb [******]
Gold:   1071       SH:  5    Dex: 13    Spells: 21/34 levels left

rFire    . . .     SeeInvis .   z - +3 spear of Indomitability {flame, rF- rN+ Int+4}
rCold    . . .     Gourm    .   J - +0 buckler
rNeg     + . .     Faith    .   y - +1 robe {rF+}
rPois    .         Spirit   .   A - +0 helmet
rElec    .         Reflect  .   q - +2 cloak
rCorr    .         Harm     .   a - +0 pair of gloves
MR       +....                  U - +0 pair of boots
Stlth    ++........             C - amulet of magic regeneration
HPRegen  0.00/turn              B - ring of magical power
MPRegen  0.50/turn              v - +4 ring of intelligence

@: non-regenerating
A: damage resistance, heal wounds, sense surroundings 2, no regeneration
a: Heal Wounds, Minor Destruction, Lesser Servant of Makhleb, Major Destruction,
Greater Servant of Makhleb, Renounce Religion


You were on level 5 of the Lair of Beasts.
You worshipped Makhleb.
Makhleb was exalted by your worship.
You were very hungry.

You visited 2 branches of the dungeon, and saw 17 of its levels.
You also visited: Ice Cave.

You collected 1071 gold pieces.

Inventory:

Hand Weapons
 z - the +3 spear of Indomitability (weapon) {flame, rF- rN+ Int+4}
   (You found it on level 4 of the Dungeon)

   It has been specially enchanted to burn those struck by it, causing extra
   injury to most foes and up to half again as much damage against particularly
   susceptible opponents.
   It affects your intelligence (+4).
   It makes you vulnerable to fire.
   It protects you from negative energy.
Missiles
 b - 258 stones (quivered)
Armour
 a - a +0 pair of gloves (worn)
 q - a +2 cloak (worn)
 y - a +1 robe of fire resistance (worn)
 A - a +0 helmet (worn)
 J - a +0 buckler (worn)
 U - a +0 pair of boots (worn)
Magical Staves
 T - an uncursed staff of summoning
Jewellery
 f - a +6 ring of protection
 v - a +4 ring of intelligence (right hand)
 B - a ring of magical power (left hand)
 C - an amulet of magic regeneration (around neck)
 E - an uncursed ring of protection from fire
 F - an uncursed ring of flight
 I - an uncursed ring of protection from magic
 K - an uncursed ring of protection from fire
 V - an uncursed amulet of guardian spirit {unknown}
Wands
 N - a wand of paralysis (7)
 X - a wand of scattershot (6)
Scrolls
 g - 5 scrolls of remove curse
 k - 6 scrolls of enchant weapon
 p - 8 scrolls of teleportation
 r - 3 scrolls of fog {unknown}
 s - 3 scrolls of random uselessness {unknown}
 t - 2 scrolls of immolation {unknown}
 u - 2 scrolls of noise {unknown}
 w - 4 scrolls of magic mapping {unknown}
 O - 2 scrolls of enchant armour {unknown}
 P - a scroll of silence {unknown}
 R - 4 scrolls of amnesia {unknown}
 S - a scroll of vulnerability {unknown}
 W - a scroll of torment {unknown}
Potions
 c - 3 potions of mutation {!q}
 e - 4 potions of agility
 h - 10 potions of curing
 i - a potion of invisibility {unknown}
 j - 12 potions of might
 l - 2 potions of haste {unknown}
 m - 2 potions of cancellation {unknown}
 n - 2 potions of magic {unknown}
 o - 2 potions of brilliance {unknown}
 x - 5 potions of lignification {unknown}
 D - 4 potions of flight {unknown}
 H - 3 potions of degeneration {unknown}
 L - a potion of heal wounds {unknown}
Comestibles
 d - 44 rations
 G - 11 chunks of flesh


   Skills:
 - Level 5.0 Fighting
 - Level 2.1 Dodging
 - Level 2.4 Stealth
 - Level 4.0 Shields
 + Level 11.0 Spellcasting
 + Level 11.5 Conjurations
 - Level 0.8 Transmutations
 + Level 16.1 Earth Magic
 + Level 11.1 Evocations


You had 21 spell levels left.
You knew the following spells:

 Your Spells              Type           Power        Failure   Level  Hunger
a - Sandblast             Erth           ######       0%          1    None
b - Stone Arrow           Conj/Erth      ######       1%          3    None
c - Petrify               Tmut/Erth      ######..     1%          4    None
d - Lee's Rapid Deconstr  Erth           #######...   1%          5    ###....

Your spell library contained the following spells:

 Spells                   Type           Power        Failure   Level  Hunger
 Shock                    Conj/Air       ####         1%          1    None
 Sting                    Conj/Pois      ####         1%          1    None
 Passwall                 Tmut/Erth      ######..     1%          2    None
 Mephitic Cloud           Conj/Pois/Air  #####...     1%          3    None
 Static Discharge         Conj/Air       #####...     1%          3    None
 Confusing Touch          Hex            ###...       3%          1    None
 Poisonous Vapours        Pois/Air       ###...       4%          2    None
 Swiftness                Chrm/Air       ###.....     4%          2    None
 Lightning Bolt           Conj/Air       #####.....   9%          5    ###....
 Venom Bolt               Conj/Pois      #####.....   9%          5    ###....
 Confuse                  Hex            ###.....     10%         3    None
 Gell's Gravitas          Tloc           ###.......   10%         3    None
 Airstrike                Air            ###.......   32%         4    None
 Olgreb's Toxic Radiance  Pois           ###.....     32%         4    None
 Yara's Violent Unravell  Hex/Tmut       ###.......   61%         5    ###....
 Metabolic Englaciation   Hex/Ice        ###.......   67%         5    ###....


Dungeon Overview and Level Annotations

Branches:
Dungeon (11/15)            Temple (0/1) D:4            Lair (6/6) D:11
  Swamp (0/4) Lair:4       Spider (0/4) Lair:2        Slime (0/5) Lair:5
    Orc (0/2) D:9

Altars:
Dithmenos
Hepliaklqana
Kikubaaqudgha
Makhleb
Ru
Trog
Wu Jian
Xom
Yredelemnul
The Shining One
Jiyva

Annotations:
Lair:4 2 transporters, ubloh's ghost, journeyman SpEn


Innate Abilities, Weirdness & Mutations

You are resistant to damage.
You can heal yourself by infusing magical energy.
You passively map the area around you.
You do not regenerate.


Message History

Confirm with . or Enter, or press ? or * to list all spells.
Aiming: Sandblast (safe; 0% risk of failure)
Press: ? - help, Shift-Dir - straight line, f/p - catoblepas
Aim: a catoblepas (almost dead)
The blast of sand hits the catoblepas.
The catoblepas is almost dead.
b - 259 stones
* * * LOW MAGIC WARNING * * *
The catoblepas closely misses you.
Casting: Sandblast (safe; 0% risk of failure)
Confirm with . or Enter, or press ? or * to list all spells.
Aiming: Sandblast (safe; 0% risk of failure)
Press: ? - help, Shift-Dir - straight line, f/p - catoblepas
Aim: a catoblepas (almost dead)
The blast of sand hits the catoblepas.
The catoblepas is almost dead.
b - 258 stones
* * * LOW MAGIC WARNING * * *
The catoblepas gores you!!
You die...

·······P▒▒▒▒·····▒···▒·▒▒
·········▒▒······▒▒·▒··▒▒
·······▒▒▒▒▒P···········▒
·······▒▒▒▒▒············▒
·······▒P▒▒············▒▒
·······················▒▒▒ ▒▒▒▒▒▒
······[··················▒▒▒·▒···
····(····························
················@···[············
················Y················
·································
·································
·································
·▒··▒▒···▒······▒······▒▒▒▒▒▒▒··▒
▒▒▒▒▒▒·▒▒▒▒▒▒·▒▒▒▒··▒▒▒▒ ▒▒▒▒ ▒▒▒
▒▒▒ ▒▒▒▒


You could see a catoblepas.

Vanquished Creatures
  A frost giant (IceCv)
  Snorg (Lair:6)
  2 hydras
  2 death yaks (Lair:6)
  A two-headed ogre (D:10)
  A wizard (D:11)
  Pikel (D:7)
  A lindwurm (Lair:5)
  A wolf spider (D:11)
  4 elephants (Lair:4)
  3 black mambas
  2 ice statues (IceCv)
  6 spiny frogs
  5 komodo dragons
  2 rime drakes (Lair:2)
  2 ice devils (Lair:3)
  2 trolls
  19 polar bears
  Prince Ribbit (D:7)
  14 blink frogs (Lair:6)
  3 bog bodies (Lair:4)
  8 hippogriffs
  5 dream sheep
  A shadow (D:11)
  A spriggan (D:9)
  A vampire (D:10)
  A wyvern (Lair:5)
  51 yaks
  Eustachio (D:5)
  A hungry ghost (D:7)
  A basilisk (Lair:4)
  Grum (D:11)
  2 swamp worms (Lair:4)
  13 water moccasins
  3 orc warriors
  8 porcupines
  3 slaves (D:7)
  An eye of draining (D:10)
  3 ice beasts
  4 phantoms
  4 black bears
  4 sky beasts
  5 ogres
  A necrophage (D:9)
  21 wolves
  5 centaurs
  14 crocodiles
  A big kobold (D:8)
  11 bullfrogs
  A gnoll sergeant (D:9)
  2 scorpions (Lair:2)
  15 killer bees
  10 wights
  An electric eel (Lair:4)
  5 crimson imps
  2 jellies
  2 bullfrog zombies
  2 centaur skeletons
  2 centaur zombies (D:10)
  6 hounds
  An orc priest (D:10)
  10 orc wizards
  Crazy Yiuf (D:5)
  A bullfrog skeleton (D:11)
  Jessica (D:3)
  Ijyb (D:5)
  2 iguanas
  4 worker ants
  6 hell rats (Lair:4)
  A killer bee zombie (D:5)
  2 human simulacra (D:11)
  A hound skeleton (D:11)
  13 adders
  8 gnolls
  2 river rats (Lair:4)
  A shadow imp (D:6)
  2 oozes
  2 adder skeletons
  4 worms (Lair:2)
  2 dart slugs
  4 leopard geckos
  50 orcs
  4 bats
  3 giant cockroaches
  3 hobgoblins
  8 jackals
  11 kobolds
  7 quokkas
  A ball python (D:3)
  2 frilled lizards
  5 goblins
  2 jackal zombies
  3 quokka zombies
  13 rats
  A fungus (Lair:4)
  3 plants (Lair:6)
482 creatures vanquished.

Vanquished Creatures (others)
  An ugly thing (D:11)
  5 fungi (Lair:6)
  3 plants
9 creatures vanquished.

Grand Total: 491 creatures vanquished

Notes
Turn   | Place    | Note
-------+----------+-------------------------------------------
     0 | D:1      | Azzok the Deep Dwarf Earth Elementalist began the quest for
                  | the Orb.
     0 | D:1      | Reached XP level 1. HP: 15/15 MP: 3/3
   720 | D:2      | Reached XP level 2. HP: 13/22 MP: 3/5
   971 | D:2      | Reached XP level 3. HP: 16/28 MP: 1/6
  1010 | D:2      | Reached skill level 5 in Earth Magic
  1083 | D:2      | Learned a level 3 spell: Stone Arrow
  1347 | D:2      | Found a faded altar of an unknown god.
  1485 | D:2      | Found an ancient bone altar of Kikubaaqudgha.
  1639 | D:2      | Reached XP level 4. HP: 17/36 MP: 5/8
  1655 | D:2      | Reached skill level 1 in Conjurations
  2370 | D:3      | Found a burning altar of Makhleb.
  2370 | D:3      | Found a shadowy altar of Dithmenos.
  2377 | D:3      | Became a worshipper of Makhleb the Destroyer
  2879 | D:3      | Reached XP level 5. HP: 39/42 MP: 5/9
  2925 | D:3      | Noticed Jessica
  2928 | D:3      | Killed Jessica
  3075 | D:3      | Found a shimmering altar of Xom.
  3076 | D:3      | Found a hazy altar of Hepliaklqana.
  3077 | D:3      | Noticed a spectral ugly thing
  3589 | D:4      | Got a dazzling spear
  3600 | D:4      | Found a staircase to the Ecumenical Temple.
  3732 | D:4      | Reached skill level 6 in Earth Magic
  3994 | D:4      | Noticed an ogre
  3999 | D:4      | Killed an ogre
  3999 | D:4      | Reached XP level 6. HP: 45/49 MP: 0/11
  4238 | D:4      | Found a sacrificial altar of Ru.
  4317 | D:4      | Got a translucent mace
  4501 | D:4      | Identified the +3 spear of Indomitability {flame, rF- rN+
                  | Int+4} (You found it on level 4 of the Dungeon)
  4502 | D:4      | Identified the +5 mace of the World {crush, Str+7} (You
                  | found it on level 4 of the Dungeon)
  4535 | D:5      | Entered Level 5 of the Dungeon
  4535 | D:5      | Noticed Eustachio
  4551 | D:5      | Killed Eustachio
  4554 | D:5      | Reached skill level 7 in Earth Magic
  4577 | D:5      | Reached XP level 7. HP: 49/55 MP: 2/13
  4797 | D:5      | Reached * piety under Makhleb
  4935 | D:5      | Learned a level 4 spell: Petrify
  4941 | D:5      | Learned a level 5 spell: Lee's Rapid Deconstruction
  5107 | D:5      | Noticed Ijyb
  5110 | D:5      | Killed Ijyb
  5173 | D:5      | Found a bloodstained altar of Trog.
  5220 | D:5      | Reached skill level 8 in Earth Magic
  5622 | D:5      | Found a runed door.
  5805 | D:5      | Noticed Crazy Yiuf
  5808 | D:5      | Killed Crazy Yiuf
  6194 | D:6      | Reached XP level 8. HP: 29/62 MP: 7/15
  6392 | D:6      | Reached skill level 5 in Spellcasting
  6653 | D:7      | Reached skill level 9 in Earth Magic
  6674 | D:7      | Reached skill level 5 in Conjurations
  6892 | D:7      | Found an ornate altar of the Wu Jian Council.
  6920 | D:7      | Reached ** piety under Makhleb
  7029 | D:7      | Noticed Pikel
  7190 | D:7      | Killed Pikel
  7190 | D:7      | Reached skill level 10 in Earth Magic
  7190 | D:7      | Gained mutation: You passively map the area around you.
                  | [Deep Dwarf growth]
  7190 | D:7      | Reached XP level 9. HP: 56/68 MP: 11/18
  7193 | D:7      | Noticed Prince Ribbit
  7199 | D:7      | Killed Prince Ribbit
  7543 | D:8      | Reached skill level 1 in Shields
  8317 | D:9      | Found a glowing golden altar of the Shining One.
  8346 | D:9      | Reached skill level 11 in Earth Magic
  8353 | D:9      | Got a brightly glowing quarterstaff
  8425 | D:9      | Reached *** piety under Makhleb
  8489 | D:9      | Found a staircase to the Orcish Mines.
  8723 | D:9      | Reached XP level 10. HP: 75/75 MP: 18/20
  8917 | D:9      | Found a basalt altar of Yredelemnul.
  9149 | D:9      | Noticed an angel
  9173 | D:10     | Entered Level 10 of the Dungeon
  9567 | D:10     | Reached **** piety under Makhleb
  9567 | D:10     | Reached skill level 12 in Earth Magic
  9841 | D:10     | Noticed a two-headed ogre
  9844 | D:10     | Killed a two-headed ogre
 10098 | D:10     | Reached XP level 11. HP: 81/81 MP: 23/23
 10136 | D:10     | Reached skill level 1 in Evocations
 10498 | D:10     | Reached skill level 1 in Fighting
 10696 | D:11     | Reached skill level 13 in Earth Magic
 10822 | D:11     | Noticed Grum
 10832 | D:11     | Killed Grum
 10869 | D:11     | Noticed a five-headed hydra
 10879 | D:11     | Killed a five-headed hydra
 11102 | D:11     | Noticed a wizard
 11105 | D:11     | Killed a wizard
 11108 | D:11     | Noticed a wolf spider
 11110 | D:11     | Killed a wolf spider
 11297 | D:11     | Found a staircase to the Lair.
 11396 | D:11     | Reached ***** piety under Makhleb
 11399 | D:11     | Noticed a white ugly thing
 11432 | D:11     | Killed a white ugly thing
 11725 | Lair:1   | Entered Level 1 of the Lair of Beasts
 11844 | Lair:1   | Reached skill level 5 in Evocations
 12491 | Lair:2   | Reached XP level 12. HP: 97/99 MP: 24/25
 12665 | Lair:2   | Reached skill level 14 in Earth Magic
 12973 | Lair:2   | Got a heavily runed platinum amulet
 12974 | Lair:2   | Identified the amulet "Ubeur" {Spirit Int+7 Dex-3} (You
                  | found it on level 2 of the Lair of Beasts)
 12996 | Lair:2   | Found a hole to the Spider Nest.
 13088 | Lair:2   | Got an ichor-stained halberd
 13812 | Lair:3   | Found a frozen archway.
 13884 | IceCv    | Entered an ice cave
 14077 | IceCv    | Reached skill level 10 in Conjurations
 14099 | IceCv    | Reached skill level 5 in Fighting
 14778 | IceCv    | Noticed a frost giant
 14829 | IceCv    | Killed a frost giant
 14829 | IceCv    | Reached skill level 10 in Spellcasting
 15017 | IceCv    | Got a shimmering halberd
 15692 | Lair:4   | Reached XP level 13. HP: 109/109 MP: 22/27
 15692 | Lair:4   | Reached skill level 15 in Earth Magic
 15944 | Lair:4   | Noticed ubloh's ghost (journeyman SpEn)
 15946 | Lair:4   | Identified the +9 halberd of the Grave {antimagic, rF+}
                  | (You found it in an ice cave)
 15948 | Lair:4   | Identified the +4 halberd of Imbalance {vamp, +Fly rElec
                  | rN++ MR-} (You found it on level 2 of the Lair of Beasts)
 15958 | Lair:4   | Found a transporter.
 15960 | Lair:4   | Found a transporter.
 16834 | Lair:4   | Found a staircase to the Swamp.
 16982 | Lair:5   | Found a viscous altar of Jiyva.
 16983 | Lair:5   | Found a staircase to the Slime Pits.
 17164 | Lair:5   | Reached ****** piety under Makhleb
 17707 | Lair:5   | Reached skill level 10 in Evocations
 18216 | Lair:6   | Entered Level 6 of the Lair of Beasts
 18495 | Lair:6   | Identified the +4 quarterstaff of Jip Cel {distort, *Contam
                  | Str+8} (You found it on level 9 of the Dungeon)
 18519 | Lair:6   | Noticed Snorg
 18528 | Lair:6   | Killed Snorg
 18786 | Lair:6   | Reached skill level 16 in Earth Magic
 19258 | Lair:5   | Slain by a catoblepas

Vault maps used:
D:1:      minmay_arrival_arboretum_small, corexii_leaking_fountain
D:2:      lemuel_crystal_altar, chequers_ecumenical_altar_simple,
          minmay_misc_feat_more_columns, nrook_mini_backslash
D:3:      regret_index_temple_of_mockery,
          chequers_temple_overflow_statue_of_worship,
          chequers_serial_rivers_small_b, uniq_jessica
D:4:      hangedman_ru_absence, temple_doors_e
D:5:      wad_lake_hut, first_ration, basic_altar, uniq_ijyb,
          uniq_crazy_yiuf_cottage, uniq_eustachio
D:7:      lemuel_doored_altar, uniq_pikel, uniq_prince_ribbit1
D:9:      grunt_temple_overflow_holy_war, the_bakery
D:10:     st_stairs_1, dk_noncrumbling_4, minmay_misc_feat_encased
D:11:     david_lair_shrubbed, bh_circular_ruins, uniq_grum
Lair:1:   grunt_megastairs_2, infiniplex_staircase_pool, lemuel_fruit_tree,
          serial_bayou_shore_b
Lair:2:   nicolae_spider_entry_non_spiders, serial_bayou_lake_a,
          lemuel_fruit_fields
Lair:3:   portal_ice_cave_demonic_guard, serial_bayou_pond_e
Lair:4:   nicolae_swamp_entry_splash_gauntlet, gammafunk_ghost_hive,
          kennysheep_abandoned_house
Lair:5:   dpeg_slime_entry_enclosed_altar, minivault_25, serial_bayou_shore_a,
          grunt_megastairs_4
Lair:6:   grunt_lair_end_beastmaster, ebering_ghost_disaster_area, uniq_snorg
IceCv:    ice_cave_small_giant

Skill      XL: |  1  2  3  4  5  6  7  8  9 10 11 12 13 |
---------------+----------------------------------------+-----
Spellcasting   | 2 3 4 6 7 8 9 10 11 | 11.0
Earth Magic    | 5 6 7 8 10 11 12 13 14 16 | 16.1
Conjurations   | 1 2 3 4 6 7 8 9 10 11 | 11.5
Shields        | 3 4 |  4.0
Evocations     | 5 8 11 | 11.1
Fighting       | 3 5 |  5.0
Dodging        | |  2.1
Stealth        | |  2.4
Transmutations | |  0.8

Action                   |  1- 3 |  4- 6 |  7- 9 | 10-12 | 13-15 || total
-------------------------+-------+-------+-------+-------+-------++-------
Melee: Unarmed           |     4 |       |       |       |       ||     4
       Spear             |       |     1 |     4 |       |     8 ||    13
 Cast: Sandblast         |    32 |    48 |    50 |    53 |    61 ||   244
       Stone Arrow       |     7 |    31 |   115 |   264 |    98 ||   515
       Lee's Rapid Decon |       |       |     9 |    91 |   102 ||   202
       Petrify           |       |       |     1 |     9 |    21 ||    31
 Abil: Heal Wounds       |       |     1 |       |       |       ||     1
Evoke: Wand              |       |       |     1 |     3 |     1 ||     5
  Use: Scroll            |       |     5 |     4 |     3 |     4 ||    16
  Eat: Chunk             |     3 |     8 |    18 |    34 |    20 ||    83
       Ration            |       |     1 |       |       |       ||     1
Armor: Robe              |     5 |     6 |    17 |    23 |    12 ||    63
Dodge: Dodged            |    20 |    19 |    18 |    60 |    42 ||   159
Block: Buckler           |       |       |       |    14 |    13 ||    27

Table legend:
 A = Non-vault XP
 B = Vault XP
 C = Vault XP percentage of total XP
 D = Non-vault monster count
 E = Vault monster count
 F = Vault count percentage of total count
                 A         B        C        D         E       F
            +---------+---------+-------+---------+---------+-------
      Total |   42341 |   21027 |  33.2 |     377 |      98 |  20.6
            +---------+---------+-------+---------+---------+-------
        D:1 |       7 |       0 |   0.0 |       5 |       0 |   0.0
        D:2 |     149 |       0 |   0.0 |      29 |       0 |   0.0
        D:3 |      43 |      37 |  46.2 |      16 |       1 |   5.9
        D:4 |     218 |       0 |   0.0 |       9 |       0 |   0.0
        D:5 |     667 |     268 |  28.7 |      35 |       3 |   7.9
        D:6 |     380 |       0 |   0.0 |       8 |       0 |   0.0
        D:7 |     977 |     959 |  49.5 |      18 |       2 |  10.0
        D:8 |     471 |       0 |   0.0 |      17 |       0 |   0.0
        D:9 |    1611 |     220 |  12.0 |      37 |       1 |   2.6
       D:10 |    6144 |     139 |   2.2 |      48 |       1 |   2.0
       D:11 |    4895 |     807 |  14.2 |      35 |       6 |  14.6
     Lair:1 |    2848 |     336 |  10.6 |      16 |       3 |  15.8
     Lair:2 |    4587 |     164 |   3.5 |      21 |       8 |  27.6
     Lair:3 |     983 |     676 |  40.7 |       4 |       2 |  33.3
     Lair:4 |    3994 |    2368 |  37.2 |      17 |      19 |  52.8
     Lair:5 |    6509 |    1210 |  15.7 |      30 |       6 |  16.7
     Lair:6 |    7858 |    3887 |  33.1 |      32 |      10 |  23.8
      IceCv |       0 |    9956 | 100.0 |       0 |      36 | 100.0
            +---------+---------+-------+---------+---------+-------
